 Dungeon Crawl Stone Soup version 0.28.0-45-g0d030f2227 (webtiles) character file.

Game seed: 10269089486658963783

115067 bobregger the Fencer (level 16, 0/204 HPs)
             Began as a Demonspawn Berserker on Apr 22, 2022.
             Was a High Priest of Trog.
             Constricted to death by a naga warrior (5 damage)
             ... on level 1 of the Snake Pit.
             The game lasted 01:20:19 (37784 turns).

bobregger the Fencer (Demonspawn Berserker)        Turns: 37784, Time: 01:20:23

Health: 0/204      AC: 41    Str: 28    XL:     16   Next: 17%
Magic:  16/16      EV:  6    Int: 13    God:    Trog [*****.]
Gold:   929        SH:  0    Dex: 16    Spells: 15/15 levels left

rFire   + . .      SeeInvis .   O - +8 great sword of Growth {flame, Str+2 Dex+4}
rCold   . . .      Faith    .   (shield currently unavailable)
rNeg    . . .      Spirit   .   a - +10 plate armour "Zupnum" {Int+4}
rPois   +          Reflect  .   p - +2 helmet
rElec   +          Harm     .   q - +2 cloak
rCorr   .          Rampage  .   w - +2 pair of gloves
Will    +....                   (boots unavailable)
Stlth   ..........              (no amulet)
HPRegen 1.44/turn               B - ring of poison resistance
MPRegen 0.15/turn               D - ring of protection from fire

@: berserking, constricted, very quick
A: hooves 3, thin metallic scales 3, ignite blood 2, powered by death 2
a: Renounce Religion, Berserk, Trog's Hand, Brothers in Arms


You were on level 1 of the Snake Pit.
You worshipped Trog.
Trog was extremely pleased with you.
You visited 4 branches of the dungeon, and saw 24 of its levels.

You collected 1816 gold pieces.
You spent 887 gold pieces at shops.

Inventory:

Hand Weapons
 O - the +8 great sword of Growth (weapon) {flame, Str+2 Dex+4}
   (Trog gifted it to you on level 13 of the Dungeon)

   It burns those it strikes, dealing additional fire damage.
   Big, fiery blades are also staple armaments of hydra-hunters.
   Str:       It affects your strength (+2).
   Dex:       It affects your dexterity (+4).
Missiles
 o - 2 throwing nets (quivered)
Armour
 a - the +10 plate armour "Zupnum" (worn) {Int+4}
   (You bought it in a shop on level 2 of the Orcish Mines)

   Int:       It affects your intelligence (+4).
 p - a +2 helmet (worn)
 q - a +2 cloak (worn)
 u - a +2 pair of boots of rampaging
 w - a +2 pair of gloves (worn)
Jewellery
 h - a ring of fire
 i - a +6 ring of strength
 r - a ring of resist corrosion
 z - an amulet of faith
 B - a ring of poison resistance (left hand)
 D - a ring of protection from fire (right hand)
 M - a ring of fire
 N - a ring of positive energy
 P - a ring of fire
Wands
 c - a wand of digging (13)
 g - a wand of acid (18)
 k - a wand of polymorph (15)
 s - a wand of flame (36)
 x - a wand of iceblast (17)
 F - a wand of charming (18)
 G - a wand of paralysis (11)
Scrolls
 d - 3 scrolls of immolation
 e - 3 scrolls of fear
 j - 9 scrolls of vulnerability
 l - 3 scrolls of magic mapping
 n - 13 scrolls of identify
 y - 6 scrolls of teleportation
 J - 3 scrolls of summoning
 K - 2 scrolls of enchant armour
 L - a scroll of blinking
Potions
 b - 6 potions of curing
 f - 6 potions of lignification
 m - 4 potions of haste
 t - a potion of ambrosia
 v - a potion of resistance
 A - 5 potions of might
 C - a potion of berserk rage
 E - 5 potions of cancellation
 H - a potion of heal wounds
 I - 3 potions of flight


   Skills:
 + Level 15.2 Fighting
 * Level 19.2 Long Blades
 + Level 13.9 Armour
 - Level 1.7 Dodging


You had 15 spell levels left.
You didn't know any spells.
Your spell library was empty.

Dungeon Overview and Level Annotations

Branches:
Dungeon (15/15)            Temple (0/1) D:6            Lair (6/6) D:9
 Shoals (0/4) Lair:3        Snake (1/4) Lair:2        Slime (0/5) Lair:5
    Orc (2/2) D:11            Elf (0/3) Orc:2        Vaults (0/5) D:13
 Depths (0/4) D:15

Altars:
Ashenzari
Cheibriados
Elyvilon
Fedhas
Gozag
Hepliaklqana
Kikubaaqudgha
Nemelex Xobeh
Sif Muna
Trog
Uskayaw
Xom
Zin
Beogh

Shops:
D:1 *   D:3 *   D:4 :   D:6 (   D:8 [**   D:15 *   Orc:1 =*=   Orc:2 *:[=(
Snake:1 *

Portals:
Bazaar: D:12

Annotations:
Abyss:1 Modestlyawesome's ghost, novice GrMo


Innate Abilities, Weirdness & Mutations

You have hooves in place of feet.
You are completely covered in thin metallic scales. (AC +4, rElec)
Your demonic aura often causes spilled blood to erupt in flames.
You regenerate health from kills.


Message History

The naga warrior roars a battlecry!
The naga warrior goes into a battle-frenzy!
You see here a guardian serpent corpse.
You feel sick.
You feel sick.
You see here a guardian serpent corpse.
You feel sick.
You feel sick.
You see here a guardian serpent corpse.
You hit the naga warrior. You burn the naga warrior.
You kick the naga warrior, but do no damage.
The naga warrior is lightly wounded.
The naga warrior hits you with a +0 trident!!
The naga warrior grabs you. The naga warrior constricts you.
You slice the naga warrior!! You burn the naga warrior.
Your kick misses the naga warrior.
The naga warrior is heavily wounded.
You feel sick.
You are no longer poisoned.
The naga warrior hits you from afar with a +0 halberd!!
The naga warrior hits you with a +0 trident.
The naga warrior constricts you.
A red film seems to cover your vision as you go berserk!
You feel yourself moving faster!
You feel mighty!
The naga warrior hits you from afar with a +0 halberd!!
The naga warrior is engulfed in blazing flames.
The naga warrior hits you with a +0 trident!
* * * LOW HITPOINT WARNING * * *
The naga warrior constricts you. The naga warrior blocks your attack. x2
The naga warrior is heavily wounded.
The naga warrior hits you from afar with a +0 halberd!!
* * * LOW HITPOINT WARNING * * *
You slash the naga warrior! You burn the naga warrior.
The naga warrior is severely wounded.
The naga warrior is engulfed in blazing flames.
The naga warrior hits you with a +0 trident!!
* * * LOW HITPOINT WARNING * * *
The naga warrior constricts you.
You die...

#....####.†.##.##...####.
#........†...)......... .
#......#...#.##...###..
.####...####...#....### #..
........## #...####.# #..
..#......# ########.#######
## #......# #.......... #..
###.....N#####....#.###...#
....#.......NN@.......#.#
#.###
......#...#########...#.###.#
# #........# # #.#...# #
.>..###.### #.#...# # #8..)8#
#.#.^.# #8.....8# ##...###
#8......N8# ###..###
#8....N....8# #...†#
#8...♣...♣N..8# #.##)#


You could see 2 naga warriors and a naga (strong).

Vanquished Creatures
  Jorgrun (D:13)
  Gastronok (D:11)
  Louise (D:15)
  The ghost of mortz the Zephyrmancer, a journeyman HuAE of Sif Muna (Lair:1)
  Josephine (Orc:2)
  2 fire dragons
  4 boulder beetles
  7 hydras
  A yaktaur captain (D:15)
  2 vault guards (D:13)
  2 ogre magi (D:15)
  2 anacondas (Snake:1)
  Erica (D:11)
  6 centaur warriors
  6 death yaks
  An alligator (Lair:6)
  3 two-headed ogres
  2 tengu warriors
  A naga sharpshooter (Snake:1)
  A shock serpent (Snake:1)
  3 orc high priests (Orc:2)
  A fire crab (Lair:6)
  A shadow wraith (D:15)
  A swamp dragon (Lair:3)
  A naga ritualist (Snake:1)
  4 deep elf pyromancers
  4 mana vipers (Snake:1)
  A necromancer (D:15)
  3 wizards
  6 orc knights
  6 orc sorcerers
  An oklob plant (Lair:4)
  A salamander (Snake:1)
  4 cyclopes
  15 ugly things
  2 manticores (D:12)
  19 elephants
  A merfolk siren (Lair:3)
  10 black mambas
  2 naga magi
  A gargoyle (D:12)
  2 molten gargoyles (Lair:6)
  A guardian serpent (Snake:1)
  15 cane toads
  2 rime drakes
  A torpor snail (Lair:2)
  A kobold demonologist (D:9)
  20 komodo dragons
  An efreet (D:12)
  A freezing wraith (D:12)
  A rime drake (shapeshifter) (D:15)
  3 trolls
  2 polar bears
  A wolf spider simulacrum (D:14)
  A wind drake (shapeshifter) (D:8)
  28 dream sheep
  7 slime creatures
  9 blink frogs
  5 shadows
  11 basilisks
  6 wraiths
  A hog (D:8)
  46 yaks
  Grum (D:11)
  4 wyverns
  9 humans (D:13)
  A vampire (D:10)
  3 steam dragons
  15 vampire mosquitoes
  2 nagas (Snake:1)
  6 wargs
  14 water moccasins
  2 acid dragons
  3 hell hounds (Lair:6)
  Duvessa (D:7)
  A spectral hornet (D:8)
  A swamp drake (D:10)
  14 orc warriors
  3 black bears
  2 ice beasts
  A necrophage (D:6)
  7 boggarts
  13 ogres
  8 wolves
  12 centaurs
  A phantom (D:6)
  10 kobold brigands
  17 bullfrogs
  A scorpion (Lair:1)
  A water moccasin zombie (D:3)
  A wyvern zombie (D:8)
  Dowan (D:7)
  9 killer bees
  3 howler monkeys (D:11)
  3 electric eels (D:8)
  2 crimson imps
  2 hounds
  5 lava snakes (Lair:6)
  A bullfrog zombie (D:6)
  10 orc priests
  4 centaur skeletons
  8 centaur zombies
  3 jellies
  2 bullfrog skeletons
  An iron imp (D:10)
  7 iguanas
  25 orc wizards
  6 hell rats (Lair:4)
  4 killer bee zombies
  4 centaur simulacra
  11 gnolls
  7 adders
  2 shadow imps
  2 white imps
  An ufetubus (D:7)
  2 worms
  3 dart slugs
  71 orcs
  9 ball pythons
  4 bats
  9 endoplasms
  A giant cockroach (D:4)
  4 goblins
  4 hobgoblins
  2 quokkas
  2 frilled lizards
  21 kobolds
  6 rats
  A plant (Lair:6)
714 creatures vanquished.

Vanquished Creatures (collateral kills)
  A boulder beetle (D:12)
  A centaur warrior (D:15)
  A deep elf archer (D:15)
  3 boggarts (D:14)
6 creatures vanquished.

Vanquished Creatures (others)
  A human (D:13)
  A boggart (D:15)
  An orc priest (Orc:2)
  23 fungi
  39 plants
65 creatures vanquished.

Grand Total: 785 creatures vanquished

Notes
Turn   | Place    | Note
-------+----------+-------------------------------------------
     0 | D:1      | bobregger the Demonspawn Berserker began the quest for the
                  | Orb.
     0 | D:1      | Reached XP level 1. HP: 18/18 MP: 1/1
    28 | D:1      | Found Dutset's Assorted Antiques.
   684 | D:1      | Reached skill level 3 in Long Blades
   684 | D:1      | Gained mutation: You have large cloven feet. [demonic
                  | ancestry]
   684 | D:1      | Reached XP level 2. HP: 24/24 MP: 2/2
  1543 | D:2      | Found a faded altar of an unknown god.
  1717 | D:2      | Reached XP level 3. HP: 29/29 MP: 3/3
  2525 | D:2      | Reached XP level 4. HP: 31/35 MP: 4/4
  2878 | D:2      | Reached ** piety under Trog
  3148 | D:3      | Reached skill level 4 in Long Blades
  3389 | D:3      | Found a hide-covered altar of Uskayaw.
  3458 | D:3      | Identified the +1 mace of Loinirph {vamp, Int+5}
  3735 | D:3      | Found a bloodstained altar of Trog.
  3736 | D:3      | Found a broken altar of Ashenzari.
  3739 | D:3      | Found a blossoming altar of Fedhas.
  3769 | D:3      | Gained mutation: Your demonic aura sometimes causes spilled
                  | blood to erupt in flames. [demonic ancestry]
  3769 | D:3      | Reached XP level 5. HP: 29/42 MP: 5/5
  4169 | D:3      | Found Vuuxinod's General Store.
  4230 | D:4      | Noticed an ogre
  4236 | D:4      | Killed an ogre
  4237 | D:4      | Gained mutation: You are partially covered in thin metallic
                  | scales. (AC +2) [demonic ancestry]
  4237 | D:4      | Reached XP level 6. HP: 48/48 MP: 6/6
  4263 | D:4      | Found a shimmering blue altar of Sif Muna.
  4359 | D:4      | Found a snail-covered altar of Cheibriados.
  4694 | D:4      | Reached skill level 5 in Long Blades
  5105 | D:4      | Found Jolo Sir's Book Emporium.
  5327 | D:4      | Reached XP level 7. HP: 43/55 MP: 7/7
  5417 | D:5      | Entered Level 5 of the Dungeon
  6079 | D:5      | Found a hazy altar of Hepliaklqana.
  6080 | D:5      | Found a shimmering altar of Xom.
  6082 | D:5      | Noticed a spectral ugly thing
  6326 | D:5      | Reached skill level 5 in Fighting
  6341 | D:5      | Reached skill level 6 in Long Blades
  7304 | D:5      | Gained mutation: Your demonic aura often causes spilled
                  | blood to erupt in flames. [demonic ancestry]
  7304 | D:5      | Reached XP level 8. HP: 63/63 MP: 8/8
  7621 | D:6      | Reached skill level 7 in Long Blades
  7743 | D:6      | Reached *** piety under Trog
  7744 | D:6      | Reached skill level 5 in Armour
  7760 | D:6      | Found Qymnumism's Weapon Shoppe.
  8375 | D:6      | Found a staircase to the Ecumenical Temple.
  8692 | D:7      | Reached skill level 8 in Long Blades
  8812 | D:7      | Noticed Dowan
  8812 | D:7      | Noticed Duvessa
  8818 | D:7      | Killed Dowan
  8820 | D:7      | Killed Duvessa
  8821 | D:7      | Gained mutation: You have hoof-like feet. [demonic
                  | ancestry]
  8821 | D:7      | Reached XP level 9. HP: 71/71 MP: 9/9
 10456 | D:8      | Reached skill level 9 in Long Blades
 10468 | D:8      | Found Toin's Antique Armour Shop.
 10684 | D:8      | Found Pyrahuty's Assorted Antiques.
 10973 | D:8      | Found a runed translucent gate.
 10974 | D:8      | Found a runed translucent gate.
 10974 | D:8      | Found a runed translucent gate.
 10976 | D:8      | Noticed Modestlyawesome's ghost (novice GrMo)
 11037 | D:8      | Noticed a troll
 11042 | D:8      | a troll changed into a shapeshifter
 11042 | D:8      | Noticed a wind drake
 11042 | D:8      | a shapeshifter changed into a wind drake
 11048 | D:8      | Killed a wind drake
 11372 | D:8      | Found an opulent altar of Gozag.
 11504 | D:8      | Reached XP level 10. HP: 69/80 MP: 10/10
 12177 | D:8      | Reached skill level 10 in Long Blades
 12331 | D:8      | Found Kaemm's Assorted Antiques.
 12471 | D:8      | Banished Modestlyawesome's ghost
 12704 | D:9      | Found a staircase to the Lair.
 12721 | D:9      | Reached **** piety under Trog
 13491 | D:9      | Reached skill level 11 in Long Blades
 13619 | D:10     | Entered Level 10 of the Dungeon
 13805 | D:10     | Found a sparkling altar of Nemelex Xobeh.
 13945 | D:10     | Noticed a deep elf pyromancer
 13967 | D:10     | Killed a deep elf pyromancer
 13968 | D:10     | Gained mutation: You have hooves in place of feet. [demonic
                  | ancestry]
 13968 | D:10     | Reached XP level 11. HP: 47/89 MP: 11/11
 14199 | D:10     | Noticed a deep elf pyromancer
 14202 | D:10     | Killed a deep elf pyromancer
 14402 | D:10     | Found an ancient bone altar of Kikubaaqudgha.
 14426 | D:10     | Noticed a two-headed ogre
 14435 | D:10     | Killed a two-headed ogre
 14844 | D:10     | Noticed a wizard
 14851 | D:10     | Killed a wizard
 15278 | D:12     | Reached skill level 12 in Long Blades
 15336 | D:12     | Noticed a two-headed ogre
 15337 | D:12     | Noticed a boulder beetle
 15352 | D:11     | HP: 4/135 [vampire mosquito (8)]
 15354 | D:11     | Killed a boulder beetle
 15383 | D:11     | Reached skill level 10 in Fighting
 15619 | D:11     | Found a staircase to the Orcish Mines.
 15686 | D:11     | Reached ***** piety under Trog
 15815 | D:11     | Noticed Gastronok
 15816 | D:11     | Noticed Erica
 15839 | D:11     | Killed Erica
 15856 | D:11     | Reached skill level 13 in Long Blades
 15859 | D:12     | Noticed a boulder beetle
 15859 | D:12     | HP: 1/92 [komodo dragon (22)]
 15874 | D:12     | Killed a boulder beetle
 15875 | D:12     | Reached XP level 12. HP: 7/98 MP: 12/12
 16425 | D:11     | Killed Gastronok
 16474 | D:11     | Noticed Grum
 16489 | D:11     | Killed Grum
 18179 | D:12     | Killed a two-headed ogre
 18192 | D:12     | Found a gateway to a bazaar.
 18571 | D:12     | Identified the +8 plate armour of the Bruised Deaths {*Slow
                  | rPois MP+9 Dex+8}
 18600 | D:13     | Noticed a centaur warrior
 18764 | Orc:1    | Entered Level 1 of the Orcish Mines
 18801 | Orc:1    | Found Tiuratro's Jewellery Boutique.
 18908 | Orc:1    | Found Aghes's Jewellery Shop.
 19007 | Orc:2    | Entered Level 2 of the Orcish Mines
 19059 | Orc:1    | Reached skill level 10 in Armour
 19097 | Orc:1    | Reached skill level 14 in Long Blades
 20084 | Orc:2    | Found a staircase to the Elven Halls.
 20098 | Orc:2    | Found Qazuejys's Weapon Boutique.
 20100 | Orc:2    | Noticed Josephine
 20113 | Orc:2    | Killed Josephine
 20357 | Orc:1    | Found a shimmering blue altar of Sif Muna.
 21013 | Orc:2    | Paralysed by an orc sorcerer for 6 turns
 21017 | Orc:2    | HP: 2/100 [orc knight/+0 great mace (26)]
 21280 | Orc:2    | Gained mutation: You regenerate a little health from kills.
                  | [demonic ancestry]
 21280 | Orc:2    | Reached XP level 13. HP: 104/106 MP: 13/13
 21298 | Orc:2    | Received a gift from Trog
 21734 | Orc:1    | Found Somnuegy's Superlative Supplies.
 22988 | Orc:2    | Reached skill level 15 in Long Blades
 23060 | Orc:2    | Found Dosat's Antique Armour Emporium.
 23060 | Orc:2    | Found Wudaxoosch's Jewellery Shop.
 23062 | Orc:2    | Found Besm's Assorted Antiques.
 23062 | Orc:2    | Found Baiwewne's Book Shop.
 23081 | Orc:2    | Bought a fine plate armour for 728 gold pieces
 23081 | Orc:2    | Identified the +10 plate armour "Zupnum" {Int+4} (You
                  | bought it in a shop on level 2 of the Orcish Mines)
 23081 | Orc:2    | Bought a pair of gloves for 117 gold pieces
 23592 | Lair:1   | Entered Level 1 of the Lair of Beasts
 23919 | Lair:1   | Found a transporter.
 23927 | Lair:1   | Found a transporter.
 23934 | Lair:1   | Noticed mortz's ghost (journeyman HuAE)
 24407 | Lair:1   | Killed mortz's ghost
 25129 | Lair:2   | Found a staircase to the Snake Pit.
 25405 | Lair:2   | Reached skill level 16 in Long Blades
 26062 | Lair:2   | Gained mutation: You are mostly covered in thin metallic
                  | scales. (AC +3) [demonic ancestry]
 26062 | Lair:2   | Reached XP level 14. HP: 113/116 MP: 14/14
 26188 | Lair:3   | Received a gift from Trog
 26635 | Lair:3   | Found a staircase to the Shoals.
 28086 | Lair:4   | Reached skill level 17 in Long Blades
 28384 | Lair:4   | Found a hazy altar of Hepliaklqana.
 28888 | Lair:5   | Found a staircase to the Slime Pits.
 29424 | Lair:6   | Entered Level 6 of the Lair of Beasts
 29893 | Lair:6   | Received a gift from Trog
 30130 | Lair:6   | Gained mutation: You are completely covered in thin
                  | metallic scales. (AC +4, rElec) [demonic ancestry]
 30130 | Lair:6   | Reached XP level 15. HP: 104/125 MP: 15/15
 30367 | Lair:6   | Found the +3 warlock's mirror {reflect}
 30929 | Lair:6   | Found a large runed translucent door.
 30929 | Lair:6   | Found a large runed translucent door.
 32623 | D:13     | Reached skill level 18 in Long Blades
 32815 | D:13     | Identified the +8 great sword of Growth {flame, Str+2
                  | Dex+4} (Trog gifted it to you on level 13 of the Dungeon)
 32815 | D:13     | Received a gift from Trog
 32837 | D:13     | Found a gate to the Vaults.
 32999 | D:13     | Noticed Jorgrun
 33007 | D:13     | Killed Jorgrun
 33044 | D:13     | Found a shimmering altar of Xom.
 33045 | D:13     | Found a shimmering altar of Xom.
 33052 | D:13     | Found a shimmering altar of Xom.
 33052 | D:13     | Found a shimmering altar of Xom.
 33052 | D:13     | Found a shimmering altar of Xom.
 33052 | D:13     | Found a shimmering altar of Xom.
 33053 | D:13     | Found a shimmering altar of Xom.
 33054 | D:13     | Found a shimmering altar of Xom.
 33054 | D:13     | Found a shimmering altar of Xom.
 34554 | D:15     | Entered Level 15 of the Dungeon
 35118 | D:15     | Noticed Louise
 35122 | D:15     | Killed Louise
 35227 | D:15     | Found a hazy altar of Hepliaklqana.
 36200 | D:15     | Found Fiha's General Store.
 36210 | D:15     | Bought a scroll of teleportation for 42 gold pieces
 36611 | D:15     | Received a gift from Trog
 36612 | D:15     | Reached skill level 15 in Fighting
 36623 | D:15     | Found a staircase to the Depths.
 36630 | D:15     | Gained mutation: You regenerate health from kills. [demonic
                  | ancestry]
 36630 | D:15     | Reached XP level 16. HP: 136/136 MP: 16/16
 36633 | D:15     | Reached skill level 19 in Long Blades
 37434 | Snake:1  | Entered Level 1 of the Snake Pit
 37749 | Snake:1  | Found Tuogi's General Store.
 37784 | Snake:1  | HP: 5/204 [naga warrior/+0 trident (29)]
 37784 | Snake:1  | Constricted to death by a naga warrior

Illustrated notes

Levels and vault maps discovered:
D:1:      psy_arrival_basics, layout_loops_ring, serial_shops, shop,
          minmay_tetromino_s2
D:2:      layout_basic, shapermc_ecumenical_altar_rom_forum
D:3:      layout_loops_corners, chequers_temple_overflow_statue_of_worship,
          nicolae_uskayaw_dance_hall, serial_shops, nicolae_square_shop
D:4:      layout_cave_pods, mainiacjoe_overflow_catwalk_spiral, serial_shops,
          shop, hangedman_decor_clover_reticule
D:5:      layout_basic, regret_index_temple_of_mockery,
          amcnicky_mini_corridor_feature
D:6:      cheibrodos_helix_gallery, layout_cave_pools, temple_green,
          serial_shops, shop
D:7:      layout_loops_cross, uniq_duvessa
D:8:      layout_loops_ring, grunt_temple_overflow_gold_and_silver,
          serial_shops, nicolae_shop_behind_doors, nicolae_inconvenience_store,
          nicolae_shop_waterfront, gammafunk_ghost_necromancy
D:9:      layout_loops_corners, mainiacjoe_overflow_brackets,
          erik_lair_orcish_takeover, chequers_serial_rivers_micro_a
D:10:     layout_roguey, mainiacjoe_overflow_24_doors,
          nicolae_kikubaaqudgha_miasma_corner, small_chamber_with_monster,
          hangedman_minor_magic
D:11:     layout_basic, kennysheep_orc_monster_closet_entryway,
          minmay_fire_ice_demons, uniq_grum, uniq_gastronok, uniq_erica
D:12:     layout_loops_corners, serial_shops, bzr_entry_water,
          blue_anna_alchemist
D:13:     layout_cave_pools, ximxim_vaults_locker_room, xom_redecorated,
          uniq_jorgrun
D:14:     layout_basic, serial_rivers, chequers_serial_rivers_room_a,
          chequers_serial_rivers_micro_e, chequers_serial_rivers_small_3,
          chequers_serial_rivers_micro_c, chequers_serial_rivers_micro_e
D:15:     grunt_enter_depths_magical_seal, layout_basic, serial_shops, shop,
          nicolae_hepliaklqana_hazy_memory, solitary_fountain,
          nrook_loot_triangle, hangedman_corner_corridor, uniq_louise
Lair:1:   layout_regular_city, gammafunk_ghost_arena, grunt_megastairs_3
Lair:2:   layout_gridlike, dummy_snake_entry
Lair:3:   layout_cave_pods, minmay_shoals_entry_lonely_mermaid, pond,
          infiniplex_staircase_pool_2
Lair:4:   layout_cave_pods, basic_altar, serial_bayou_shore_a,
          grunt_megastairs_4
Lair:5:   layout_loops_ring, minmay_slime_entry_pillars
Lair:6:   cheibrodos_lair_end_hotspot, layout_long_grid, wad_woods_road_02,
          lemuel_fruit_tree, serial_bayou_shore_b, serial_bayou_shore_b
Snake:1:  layout_misc_corridors, drop_trap, minmay_shoptagon
Orc:1:    layout_diamond_mine, serial_shops, nicolae_shop_statue_plus, shop,
          nicolae_alphabet_shops, led_sif_book
Orc:2:    grunt_orc_tribal_feast, layout_diamond_mine, basic_altar,
          serial_shops, nicolae_shop_bloodbath_and_beyond, uniq_josephine

Skill      XL: |  1  2  3  4  5  6  7  8  9 10 11 12 13 14 15 16 |
---------------+-------------------------------------------------+-----
Long Blades    | 3 4 5 6 8 9 11 13 14 16 17 18 19 | 19.2
Armour         | 2 3 4 5 6 8 9 10 11 12 13 | 13.9
Fighting       | 4 5 6 7 9 10 11 12 13 15 | 15.2
Dodging        | |  1.7

Action                   |  1- 3 |  4- 6 |  7- 9 | 10-12 | 13-15 | 16-18 || total
-------------------------+-------+-------+-------+-------+-------+-------++-------
Melee: Falchion          |    89 |   135 |   383 |   547 |     6 |       ||  1160
       Punch             |     1 |       |     8 |       |       |       ||     9
       Kick              |     7 |    42 |    10 |   159 |   303 |    15 ||   536
       Great sword       |       |       |       |       |   848 |    44 ||   892
Throw: Throwing net      |       |       |       |       |     2 |       ||     2
Invok: Berserk           |     4 |     7 |    10 |    20 |    16 |     1 ||    58
       Trog's Hand       |       |       |     1 |       |       |       ||     1
       Brothers in Arms  |       |       |       |       |     1 |       ||     1
Evoke: Wand              |       |       |       |     2 |       |       ||     2
  Use: Potion            |       |     6 |     1 |     7 |     3 |       ||    17
       Scroll            |       |     5 |     9 |    11 |     8 |       ||    33
 Stab: Paralysed         |       |       |     1 |     1 |       |       ||     2
       Confused          |       |       |       |     2 |       |       ||     2
       Held in net/web   |       |       |       |       |     1 |       ||     1
Armor: Animal skin       |    14 |       |       |       |       |       ||    14
       Scale mail        |       |    41 |   294 |   331 |    47 |       ||   713
       Plate armour      |       |       |       |       |   949 |    47 ||   996
Dodge: Dodged            |    49 |    68 |   259 |   299 |   428 |    13 ||  1116
